 Dungeon Crawl Stone Soup version 0.30-a0-639-g3916f1956a (webtiles) character file.

Game seed: 9295806720696297200

482 ragingrage the Shooter (level 6, -6/44 HPs)
             Began as a Demonspawn Hunter on Jan 15, 2023.
             Mangled by Pikel
             ... wielding a +2 whip of flaming
              (8 damage)
             ... on level 5 of the Dungeon.
             The game lasted 00:03:37 (3201 turns).

ragingrage the Shooter (Demonspawn Hunter)          Turns: 3201, Time: 00:03:37

Health: -6/44      AC:  9    Str: 11    XL:     6   Next: 87%
Magic:  6/6        EV: 12    Int: 10    God:
Gold:   217        SH:  0    Dex: 19    Spells: 5/5 levels left

rFire   . . .      SeeInvis .    m - +0 arbalest
rCold   . . .      Faith    .    (shield currently unavailable)
rNeg    . . .      Spirit   .    k - +3 leather armour
rPois   .          Reflect  .    g - +1 hat
rElec   .          Harm     .    (no cloak)
rCorr   .          Rampage  .    (no gloves)
Will    .....                    (no boots)
Stlth   +++                      l - amulet of the acrobat
HPRegen 0.27/turn                (no ring)
MPRegen 0.10/turn                (no ring)

@: no status effects
A: hooves 2, icy blue scales 1, powered by pain 1
a: no special abilities


You were on level 5 of the Dungeon.
You visited 2 branches of the dungeon, and saw 6 of its levels.

You collected 217 gold pieces.

Inventory:

Hand Weapons
 a - a +0 shortbow
 m - a +0 arbalest (weapon)
Armour
 g - a +1 hat (worn)
 k - a +3 leather armour (worn)
Jewellery
 l - an amulet of the acrobat (around neck)
Scrolls
 b - a scroll of immolation
 e - 4 scrolls of identify {unknown}
 i - a scroll of teleportation
 j - a scroll of torment {unknown}
Potions
 c - 2 potions of attraction {unknown}
 d - a potion of curing
 f - a potion of berserk rage {unknown}
 h - 2 potions of heal wounds


   Skills:
 - Level 2.0 Fighting
 + Level 6.7 Ranged Weapons
 - Level 1.8 Dodging
 + Level 3.7 Stealth


You had 5 spell levels left.
You didn't know any spells.
Your spell library contained the following spells:

 Spells                   Type           Power      Damage    Failure   Level
 Foxfire                  Conj/Fire      0%         2x1d4     45%         1
 Ensorcelled Hibernation  Hex/Ice        0%         N/A       58%         2
 Passwall                 Tmut/Erth      0%         N/A       58%         2
 Static Discharge         Conj/Air       0%         2-2/arc   58%         2
 Sublimation of Blood     Necr           0%         N/A       58%         2
 Wereblood                Tmut           0%         N/A       58%         2
 Swiftness                Air            0%         N/A       83%         3
 Vhi's Electric Charge    Tloc/Air       0%         N/A       83%         3
 Animate Dead             Necr           0%         N/A       99%         4
 Arcjolt                  Conj/Air       0%         1d10      100%        5
 Borgnjor's Vile Clutch   Necr/Erth      0%         N/A       100%        5
 Fireball                 Conj/Fire      0%         3d3       100%        5
 Lightning Bolt           Conj/Air       0%         1d11      100%        5
 Death Channel            Necr           0%         N/A       100%        6
 Starburst                Conj/Fire      0%         6d3       100%        6
 Summon Hydra             Summ           0%         N/A       100%        7


Dungeon Overview and Level Annotations

Branches:
Dungeon (5/15)             Temple (1/1) D:4

Altars:
Ashenzari
Cheibriados
Dithmenos
Makhleb
Nemelex Xobeh
Okawaru
Ru
Sif Muna
Trog
Uskayaw
Vehumet
Wu Jian
Xom
Yredelemnul

Annotations:
D:4 Dowan, Duvessa
D:5 Pikel, Prince Ribbit, Sigmund


Innate Abilities, Weirdness & Mutations

You have hoof-like feet.
You are partially covered in icy blue scales. (AC +2)
You sometimes gain a little power by taking damage.


Message History

Pikel hits you with a +2 whip of flaming.
Pikel burns you.
Fire: m) +0 arbalest
Press: ? - help, Q - select action Shift-Dir - straight line, f/p - Pikel
Aim: Pikel, wielding a +2 whip of flaming and wearing a +0 robe (heavily wounded, 53% to hit)
You shoot a bolt. The bolt hits Pikel!
Pikel is almost dead.
Pikel misses you. Pikel hits you but does no damage.
Fire: m) +0 arbalest
Press: ? - help, Q - select action Shift-Dir - straight line, f/p - Pikel
Aim: Pikel, wielding a +2 whip of flaming and wearing a +0 robe (almost dead, 53% to hit)
You shoot a bolt. The bolt closely misses Pikel.
The bolt hits the lemure but does no damage.
The lemure is severely wounded.
Pikel hits you with a +2 whip of flaming!
Pikel burns you.
Fire: m) +0 arbalest
Press: ? - help, Q - select action Shift-Dir - straight line, f/p - Pikel
Aim: Pikel, wielding a +2 whip of flaming and wearing a +0 robe (almost dead, 53% to hit)
You shoot a bolt. The bolt hits Pikel.
Pikel is almost dead.
Pikel hits you with a +2 whip of flaming.
* * * LOW HITPOINT WARNING * * *
Pikel burns you.
* * * LOW HITPOINT WARNING * * *
Pikel hits you with a +2 whip of flaming.
* * * LOW HITPOINT WARNING * * *
Pikel burns you.
* * * LOW HITPOINT WARNING * * *
Fire: m) +0 arbalest
Press: ? - help, Q - select action Shift-Dir - straight line, f/p - Pikel
Aim: Pikel, wielding a +2 whip of flaming and wearing a +0 robe (almost dead, 53% to hit)
You shoot a bolt. The bolt hits Pikel.
Pikel is almost dead.
Pikel hits you with a +2 whip of flaming.
* * * LOW HITPOINT WARNING * * *
Pikel burns you.
* * * LOW HITPOINT WARNING * * *
Pikel hits you with a +2 whip of flaming!
You die... # #####5### ....55K@# #.#######

You could see Pikel and 3 lemures.

Vanquished Creatures
  Menkaure (D:4)
  A lemure (D:5)
  2 jellies
  2 hounds (D:4)
  An iguana (D:4)
  3 gnolls (D:2)
  9 adders
  3 worms
  A dart slug (D:1)
  7 orcs
  2 bats (D:1)
  10 endoplasms
  5 giant cockroaches
  4 goblins
  5 hobgoblins
  10 jackals
  9 kobolds
  3 quokkas
  6 ball pythons
  A frilled lizard (D:2)
  5 rats
90 creatures vanquished.

Notes
Turn   | Place    | Note
-------+----------+-------------------------------------------
     0 | D:1      | ragingrage the Demonspawn Hunter began the quest for the
                  | Orb.
     0 | D:1      | Reached XP level 1. HP: 16/16 MP: 1/1
   142 | D:1      | Reached skill level 4 in Ranged Weapons
   142 | D:1      | Gained mutation: You are partially covered in icy blue
                  | scales. (AC +2) [demonic ancestry]
   142 | D:1      | Reached XP level 2. HP: 22/22 MP: 2/2
   639 | D:2      | Reached XP level 3. HP: 23/27 MP: 3/3
   888 | D:2      | Reached skill level 5 in Ranged Weapons
   888 | D:2      | Gained mutation: You have large cloven feet. [demonic
                  | ancestry]
   888 | D:2      | Reached XP level 4. HP: 33/33 MP: 4/4
   966 | D:2      | Found a faded altar of an unknown god.
  1007 | D:2      | You fall into a shaft and drop 2 floors!
  1047 | D:4      | Noticed Menkaure
  1256 | D:3      | Reached skill level 1 in Stealth
  1281 | D:3      | Gained mutation: You sometimes gain a little power by
                  | taking damage. [demonic ancestry]
  1281 | D:3      | Reached XP level 5. HP: 38/38 MP: 5/5
  2297 | D:4      | Reached skill level 6 in Ranged Weapons
  2620 | D:4      | Gained mutation: You have hoof-like feet. [demonic
                  | ancestry]
  2620 | D:4      | Reached XP level 6. HP: 39/44 MP: 6/6
  2689 | D:4      | Noticed Dowan
  2692 | D:4      | Noticed Duvessa
  2694 | D:4      | Killed Menkaure
  2909 | D:4      | Found a staircase to the Ecumenical Temple.
  2922 | Temple   | Entered the Ecumenical Temple
  2922 | Temple   | Found a transporter.
  2922 | Temple   | Found a transporter.
  2924 | Temple   | Found a transporter.
  2924 | Temple   | Found a transporter.
  3178 | D:5      | Entered Level 5 of the Dungeon
  3178 | D:5      | Noticed Pikel
  3183 | D:5      | Noticed Prince Ribbit
  3187 | D:5      | Noticed Sigmund
  3201 | D:5      | HP: 2/44 [Pikel/+2 whip of flaming (2)]
  3201 | D:5      | Mangled by Pikel

Illustrated notes

Levels and vault maps discovered:
D:1:      evilmike_arrival_crescent, layout_rooms
D:2:      layout_loops_ring, dreamdust_ecumenical_altar_sealed_demon
D:3:      layout_basic
D:4:      cheibrodos_barr_body, layout_basic,
          minmay_temple_entry_enclosed_plants, minmay_misc_feat_nine_boxes,
          uniq_menkaure, uniq_duvessa
D:5:      layout_basic, grunt_temple_overflow_gold_and_silver,
          beargit_hepliaklqana_dungeon_heroes, uniq_blork_the_orc,
          uniq_prince_ribbit1, uniq_sigmund, uniq_pikel
Temple:   hellmonk_temple_divided_pantheon

Skill      XL: |  1  2  3  4  5  6 |
---------------+-------------------+-----
Ranged Weapons | 4 5 6 |  6.7
Stealth        | 1 2 3 |  3.7
Fighting       | |  2.0
Dodging        | |  1.8

Action                   |  1- 3 |  4- 6 || total
-------------------------+-------+-------++-------
 Fire: Shortbow          |   114 |   188 ||   302
       Arbalest          |       |    37 ||    37
  Use: Scroll            |       |     3 ||     3
       Potion            |       |     2 ||     2
Armor: Leather armour    |    28 |    54 ||    82
Dodge: Dodged            |    37 |    96 ||   133

Table legend: (Time is in decaauts)
 A = Elapsed time spent in this place.
 B = Non-inter-level travel time spent in this place.
 C = Inter-level travel time spent in this place.
 D = Time resting spent in this place.
 E = Time spent auto-exploring this place.
 F = Levels seen in this place.
 G = Mean time per level.
                   A        B        C        D        E       F      G
               +--------+--------+--------+--------+--------+-----+--------+
         Total |   3312 |   2972 |    340 |    332 |   1915 |   6 |  552.0 |
       Dungeon |   3270 |   2933 |    337 |    332 |   1908 |   5 |  654.0 |
        Temple |     41 |     38 |      3 |      0 |      7 |   1 |   41.0 |
               +--------+--------+--------+--------+--------+-----+--------+

Top non-repeatable levels by time:
     D:3: 936 daAuts
     D:2: 875 daAuts
     D:4: 790 daAuts
     D:1: 632 daAuts
  Temple: 41 daAuts
     D:5: 35 daAuts
